AoeStats
← Kukaracho

Black Forest

508106092Analyzed
4v4 RM · 13d ago on Sep 20, 2026· 43m 16s· 8 players
Game mode
Random Map
Map size
Large (8 player)
Population
200
Speed
Normal
Resources
Standard
Victory
Conquest
Starting age
Dark Age
Ending age
Imperial Age
RankedLock teamsTeams togetherTeam positionsShared explorationLock speedFull tech treeHidden civsTurbo modeCheats
Victory
Defeat
🇲🇽 Persians · Mexico
1280
+13
🇨🇱 Koreans · Chile
1242
+15
🇦🇷 Burmese · Argentina
1242
+15
🇦🇷 Turks · Argentina
1206
+15
🇺🇸 Italians · United States
1231
-15
🇺🇸 Lithuanians · United States
1228
-15
🇺🇸 Khmer · United States
1227
-15
🇦🇷 Malians · Argentina
1168
-13
Kukaracho
5:34 Loom
9:49 Feudal Age
14:33 Wheelbarrow
17:10 Castle Age
16:25 Fishing Lines
16:43 Stone Mining
19:35 Gold Mining
21:55 Gillnets
23:32 Gold Shaft Mining
24:50 Town Watch
27:59 Imperial Age
27:35 Fletching
31:56 Padded Archer Armor
32:46 Elite Arambai
[GT] Burok
12:23 Loom
14:08 Feudal Age
15:30 Double-Bit Axe
18:26 Castle Age
18:02 Scale Mail Armor
18:13 Forging
19:34 Chain Mail Armor
25:09 Arson
26:34 Iron Casting
29:27 Squires
34:56 Gambesons
40:46 Imperial Age
40:13 Bow Saw
39:58 Gold Mining
39:58 Stone Mining
39:51 Horse Collar
40:54 Elite Fire Lancer
42:05 Plate Mail Armor
velko nicolaev iotov
0:33 Loom
12:49 Feudal Age
18:03 Castle Age
22:39 Imperial Age
19:59 Double-Bit Axe
34:19 Horse Collar
35:25 Bow Saw
40:31 Two-Man Saw
42:13 Scale Barding Armor
42:19 Forging
43:09 Heavy Plow
44:14 Chain Barding Armor
44:30 Iron Casting
[GDL] R_Oak
6:22 Loom
11:42 Feudal Age
13:01 Double-Bit Axe
15:41 Castle Age
15:33 Horse Collar
16:34 Bow Saw
17:37 Fishing Lines
21:39 Wheelbarrow
21:12 Gillnets
24:31 Gold Mining
24:53 Heavy Plow
25:28 Stone Mining
26:29 Hand Cart
26:28 Scale Barding Armor
27:19 Gold Shaft Mining
26:56 Forging
28:43 Bloodlines
28:33 Husbandry
28:28 Town Watch
32:09 Imperial Age
30:22 Stone Shaft Mining
30:29 Chain Barding Armor
30:45 Iron Casting
31:47 Elite War Elephant
33:10 Plate Barding Armor
33:38 Two-Man Saw
33:12 Crop Rotation
33:20 Coinage
33:31 Conscription
34:40 Blast Furnace
34:06 Fletching
35:46 Citadels
36:12 Hoardings
37:32 Bodkin Arrow
38:00 Ballistics
38:42 Chemistry
37:53 Masonry
43:05 Spies/Treason
jc_lucas_01
10:13 Feudal Age
11:27 Double-Bit Axe
17:24 Castle Age
16:05 Horse Collar
16:22 Gold Mining
16:54 Scale Barding Armor
17:42 Forging
18:30 Bloodlines
19:07 Bow Saw
19:19 Fervor
19:59 Heavy Plow
22:32 Wheelbarrow
22:48 Chain Barding Armor
23:47 Husbandry
30:37 Imperial Age
29:35 Iron Casting
29:45 Elite Skirmisher
30:30 Thumb Ring
30:18 Fletching
30:28 Padded Archer Armor
30:47 Cavalier
32:06 Plate Barding Armor
32:16 Pikeman
32:57 Squires
32:59 Scale Mail Armor
NewbieNoobster
0:45 Loom
13:01 Feudal Age
16:50 Castle Age
17:02 Stone Mining
16:58 Double-Bit Axe
20:59 Bloodlines
23:06 Gold Mining
28:31 Horse Collar
TTV_EpicZacc_Zac
10:13 Feudal Age
10:59 Double-Bit Axe
14:20 Castle Age
13:56 Loom
15:42 Bow Saw
20:20 Stone Mining
20:32 Horse Collar
22:50 Wheelbarrow
24:25 Stone Shaft Mining
25:00 Fletching
25:10 Padded Archer Armor
25:19 Gold Mining
26:36 Treadmill Crane
30:07 Imperial Age
27:25 Elite Skirmisher
28:15 Squires
28:39 Bodkin Arrow
29:00 Leather Archer Armor
30:04 Forging
29:54 Scale Mail Armor
30:20 Thumb Ring
33:21 Iron Casting
33:02 Chain Mail Armor
33:48 Ballistics
34:30 Chemistry
36:24 Blast Furnace
36:07 Ring Archer Armor
37:03 Bracer
37:46 Pikeman
gutyaranda
1:15 Loom
11:53 Feudal Age
16:15 Castle Age
14:18 Town Watch
14:18 Horse Collar
14:24 Double-Bit Axe
14:42 Horse Collar
16:12 Padded Archer Armor
16:02 Fletching
16:20 Elite Skirmisher
17:54 Leather Archer Armor
24:25 Bodkin Arrow
25:20 Fortified Wall
27:02 Ballistics
Connection lost

Rejoining the realm…

Still unreachable

The connection could not be restored.

Session expired

The server has moved on; the page needs a fresh start.